 Dungeon Crawl Stone Soup version 0.31.0-9-g3a7656b989 (webtiles) character file.

Game seed: 8523685696417998348

18 qw the Shooter (level 2, -10/16 HPs)
             Began as a Deep Elf Hunter on Feb 2, 2024.
             Killed by nerve-wracking pain
             ... invoked by Jessica
              (13 damage)
             ... on level 2 of the Dungeon.
             The game lasted 00:00:00 (268 turns).

qw the Shooter (Deep Elf Hunter)                     Turns: 268, Time: 00:00:01

Health: -10/16     AC:  3    Str:  8    XL:     2   Next: 48%
Magic:  4/4        EV: 12    Int: 13    God:
Gold:   0          SH:  0    Dex: 18    Spells: 1/1 levels left

rFire   . . .        a - +0 shortbow
rCold   . . .        (shield currently unavailable)
rNeg    . . .        c - +0 leather armour
rPois   .            (no helmet)
rElec   .            (no cloak)
rCorr   .            (no gloves)
SInv    .            (no boots)
Will    .....        (no amulet)
Stlth   ++           (no ring)
HPRegen 0.22/turn    (no ring)
MPRegen 0.09/turn

%: no passive effects
@: no status effects
A: no striking features
a: no special abilities


You were on level 2 of the Dungeon.
You visited 1 branch of the dungeon, and saw 2 of its levels.


   Skills:
 - Level 1.5 Fighting
 + Level 6.3 Ranged Weapons
 - Level 2.4 Dodging
 - Level 1.2 Stealth


You had one spell level left.
You didn't know any spells.
Your spell library was empty.

Inventory:

Hand Weapons
 a - a +0 shortbow (weapon)
Armour
 c - a +0 leather armour (worn)
 d - a +0 ring mail
Jewellery
 e - a ring of fire
Scrolls
 b - a scroll of butterflies
 f - a scroll of identify {unknown}
Potions
 g - a potion of lignification {unknown}

Dungeon Overview and Level Annotations

Branches:
Dungeon (1/15)

Altars:

Annotations:
D:2 Jessica


Message History

You kill the adder!
The bat barely misses you.
Your Ranged Weapons skill increases to level 6!
You have reached level 2!
You shoot an arrow. The arrow hits the bat.
The bat is severely wounded.
The bat barely misses you.
You shoot an arrow. The arrow hits the bat.
You kill the bat!
You start resting.
HP restored.
Found an escape hatch in the ceiling.
An endoplasm comes into view.
You see here a ruby potion.
Enter note: You shoot an arrow.
The arrow hits the endoplasm but does no damage.
The endoplasm quivers.
You shoot an arrow. The arrow hits the endoplasm!
You kill the endoplasm!
g - a ruby potion
Found a stone staircase leading down.
There is a stone staircase leading down here.
Jessica the Apprentice Sorceress comes into view.
She is wielding a +0 dagger.
You shoot an arrow. The arrow completely misses Jessica.
You shoot an arrow. The arrow closely misses Jessica.
Jessica points at you and mumbles some strange words.
Pain shoots through your body! Jessica hits you with a +0 dagger.
You shoot an arrow. The arrow hits Jessica.
Jessica is moderately wounded.
Jessica hits you with a +0 dagger.
You shoot an arrow.
The arrow hits Jessica but does no damage.
Jessica is moderately wounded.
Jessica hits you but does no damage.
You shoot an arrow. The arrow barely misses Jessica.
Jessica casts a spell at you. Pain shoots through your body!
Ouch! That really hurt!
You die...

#..........#.....>#######.#......
#..........#..###.........#......
#..........#..............+......
#......#########.########.#......
#......# #.# #.#...... ######.#
#.# #.#...... #.# #.# #.#......
#.# #.# #.#...... #.# #@#
#.#...... #.# ##@# #.####### #.#
#.. #..# ### #.# ..# ##.# #.. #.#
.# #.####.. #.# .# #....#.. #.# #
####.#.. #^# #.... #.# ##...


You could see Jessica.

Vanquished Creatures
  An adder (D:2)
  2 endoplasms
  A hobgoblin (D:1)
  A ball python (D:1)
  3 bats
  A frilled lizard (D:1)
  A rat (D:1)
10 creatures vanquished.

Notes
Turn   | Place    | Note
-------+----------+-------------------------------------------
     0 | D:1      | qw the Deep Elf Hunter began the quest for the Orb.
     0 | D:1      | Reached XP level 1. HP: 12/12 MP: 3/3
     0 | D:1      | 0 ||| qw: Version: 0.3-a-155-g5e7d8dd
     0 | D:1      | 0 ||| qw: Game counter: 1365
     0 | D:1      | 0 ||| qw: Melee chars always use a shield: true
     0 | D:1      | 0 ||| qw: God list: Okawaru
     0 | D:1      | 0 ||| qw: Allow faded altars: false
     0 | D:1      | 0 ||| qw: Do Orc after clearing Dungeon:15 true
     0 | D:1      | 0 ||| qw: Do second Lair branch before Depths: true
     0 | D:1      | 0 ||| qw: Lair rune preference: random
     0 | D:1      | 0 ||| qw: Goals: Normal
     0 | D:1      | 0 ||| PLANNING D:1-11
   126 | D:1      | You fall into a shaft and drop 1 floor!
   177 | D:2      | Reached skill level 6 in Ranged Weapons
   177 | D:2      | Reached XP level 2. HP: 15/16 MP: 4/4
   263 | D:2      | Noticed Jessica
   266 | D:2      | HP: 3/16 [Jessica/+0 dagger (5)]
   268 | D:2      | Killed from afar by Jessica

Levels and vault maps discovered:
D:1:      dpeg_arrival_three_smaller_balls, layout_rooms, feat_on_display
D:2:      wad_crossroads, layout_basic, nicolae_ecumenical_snake_handling,
          uniq_crazy_yiuf_cottage, uniq_jessica

Skill      XL: |  1 |
---------------+----+-----
Ranged Weapons | 6 |  6.3
Fighting       | |  1.5
Dodging        | |  2.4
Stealth        | |  1.2

Action                     || total
---------------------------++-------
   Fire: Shortbow          ||    24
 Armour: Leather armour    ||     6
  Dodge: Dodged            ||     5

Table legend:
 A = Non-vault XP
 B = Vault XP
 C = Vault XP percentage of total XP
 D = Non-vault monster count
 E = Vault monster count
 F = Vault count percentage of total count
                 A         B        C        D         E       F
            +---------+---------+-------+---------+---------+-------
      Total |      26 |       0 |   0.0 |      10 |       0 |   0.0
            +---------+---------+-------+---------+---------+-------
        D:1 |       9 |       0 |   0.0 |       7 |       0 |   0.0
        D:2 |      17 |       0 |   0.0 |       3 |       0 |   0.0
            +---------+---------+-------+---------+---------+-------
